 Dungeon Crawl Stone Soup version 0.29.1-13-g9f3cf754e1 (webtiles) character file.

Game seed: 8745349601450980679

107 sneakypete the Trooper (level 4, -8/40 HPs)
             Began as a Draconian Berserker on Jan 19, 2023.
             Was a Believer of Trog.
             Constricted to death by Grinder (9 damage)
             ... on level 3 of the Dungeon.
             The game lasted 00:15:12 (2646 turns).

sneakypete the Trooper (Draconian Berserker)        Turns: 2646, Time: 00:15:15

Health: -8/40      AC:  5    Str: 21    XL:     4   Next: 56%
Magic:  4/4        EV:  9    Int:  8    God:    Trog [**....]
Gold:   91         SH:  0    Dex: 10    Spells: 3/3 levels left

rFire   . . .      SeeInvis .   a - +0 hand axe
rCold   . . .      Faith    .   (no shield)
rNeg    . . .      Spirit   .   (body armour unavailable)
rPois   .          Reflect  .   (helmet restricted)
rElec   .          Harm     .   (no cloak)
rCorr   .          Rampage  .   (no gloves)
Will    .....                   (no boots)
Stlth   +.........              (no amulet)
HPRegen 0.13/turn               (no ring)
MPRegen 0.09/turn               (no ring)

@: grasped by roots, constricted
A: AC +5, unfitting armour, cold-blooded
a: Renounce Religion, Berserk, Trog's Hand


You were on level 3 of the Dungeon.
You worshipped Trog.
Trog was pleased with you.
You visited 1 branch of the dungeon, and saw 3 of its levels.

You collected 91 gold pieces.

Inventory:

Hand Weapons
 a - a +0 hand axe (weapon)
Wands
 g - a wand of acid (11)
Scrolls
 b - 2 scrolls of identify {unknown}
 f - 2 scrolls of teleportation {unknown}
 j - a scroll of noise {unknown}
Potions
 c - a potion of brilliance {unknown}
 d - 2 potions of heal wounds {unknown}
 e - a potion of curing {unknown}
 h - 2 potions of attraction {unknown}
 i - a potion of mutation {unknown}


   Skills:
 + Level 4.1 Fighting
 + Level 3.9 Axes
 + Level 3.5 Dodging
 + Level 0.6 Stealth


You had 3 spell levels left.
You didn't know any spells.
Your spell library contained the following spells:

 Spells                   Type           Power      Damage    Failure   Level
 Scorch                   Fire           0%         2d5       54%         2
 Gell's Gravitas          Tloc           0%         N/A       78%         3
 Malign Gateway           Summ/Tloc      0%         N/A       100%        7
 Disjunction              Tloc           0%         N/A       100%        8


Dungeon Overview and Level Annotations

Branches:
Dungeon (3/15)

Altars:
Trog

Shops:
D:1 (

Annotations:
D:3 Grinder


Innate Abilities, Weirdness & Mutations

Your plain brown scales are hard. (AC +5)
You cannot fit into any form of body armour.
You are cold-blooded and may be slowed by cold attacks.


Message History

You barely miss the giant cockroach. The giant cockroach misses you.
You hit the giant cockroach but do no damage.
The giant cockroach barely misses you.
You hit the giant cockroach but do no damage.
The giant cockroach closely misses you.
The giant cockroach bites you but does no damage.
You hit the giant cockroach.
You kill the giant cockroach!
Trog accepts your kill.
Grinder comes into view.
She is carrying a wand of roots (12).
Grinder gestures at you.
You suddenly lose the ability to move!
Grinder blinks!
You can move again.
Grinder gestures at you.
You shrug off the repeated paralysis!
Grinder zaps a wand.
The roots erupt in riotous growth!
The grasping roots grab you! The grasping roots constrict you.
You hear a shout! x2
You escape the roots grasp.
Grinder gestures at you. Pain shoots through your body! Grinder misses you.
You hit Grinder.
Grinder is lightly wounded.
Grinder hits you.
You writhe in agony.
You closely miss Grinder.
Grinder is lightly wounded.
Grinder zaps a wand.
The roots erupt in riotous growth!
The grasping roots grab you!
Grinder is unaffected.
The grasping roots constrict you.
You closely miss Grinder.
Your tail-slap misses Grinder.
Grinder is lightly wounded.
Grinder hits you!
* * * LOW HITPOINT WARNING * * *
You writhe in agony.
* * * LOW HITPOINT WARNING * * *
The grasping roots constrict you!
You die...

###...#######.......##
#..## #.#.....#
###.##### #.......#
........# ####.####
###.###.# #.# #
#.###.# #.# # #...#.#
#.# # ###.#.# #.#
#####.#(# #@#
........# #5#
#####<### ... #####.#
..... ......# ##.....
####### ##.#### ###


You could see Grinder.

Vanquished Creatures
  An orc priest (D:3)
  An adder (D:2)
  A worm (D:2)
  3 dart slugs
  4 orcs (D:3)
  2 ball pythons (D:2)
  8 endoplasms
  2 giant cockroaches
  2 goblins
  8 jackals (D:1)
  5 kobolds
  3 quokkas
  5 bats
  4 frilled lizards (D:1)
  A rat (D:1)
50 creatures vanquished.

Notes
Turn   | Place    | Note
-------+----------+-------------------------------------------
     0 | D:1      | sneakypete the Draconian Berserker began the quest for the
                  | Orb.
     0 | D:1      | Reached XP level 1. HP: 19/19 MP: 1/1
   328 | D:1      | Reached XP level 2. HP: 26/26 MP: 2/2
   934 | D:1      | Reached XP level 3. HP: 24/33 MP: 3/3
  1031 | D:1      | Found Renwoifo's Antique Weapon Shop.
  1599 | D:2      | Reached ** piety under Trog
  1600 | D:2      | Reached skill level 4 in Fighting
  1819 | D:2      | Found a bloodstained altar of Trog.
  2064 | D:2      | Got Wyumopsu's Commentary on Scorched Translocation
  2204 | D:3      | Reached XP level 4. HP: 40/40 MP: 4/4
  2637 | D:3      | Noticed Grinder
  2637 | D:3      | Paralysed by Grinder for 2 turns
  2646 | D:3      | HP: 1/40 [Grinder (6)]
  2646 | D:3      | Constricted to death by Grinder

Illustrated notes

Levels and vault maps discovered:
D:1:      minmay_arrival_loop, layout_basic, serial_shops, nicolae_shop_stone
D:2:      layout_basic, basic_altar
D:3:      cheibrodos_helix_gallery, layout_loops_corners, uniq_grinder

Skill      XL: |  1  2  3 |
---------------+----------+-----
Dodging        | 3 |  3.5
Fighting       | 4 |  4.1
Axes           | |  3.9
Stealth        | |  0.6

Action                   |  1- 3 |  4- 6 || total
-------------------------+-------+-------++-------
Melee: Hand axe          |   125 |    34 ||   159
       Punch             |     1 |       ||     1
       Tailslap          |    13 |     1 ||    14
Armor: Skin              |    52 |    12 ||    64
Dodge: Dodged            |    94 |    18 ||   112
